 Dungeon Crawl Stone Soup version 0.20-a0-1126-g0f15420 (webtiles) character file.

196 mopl the Skirmisher (level 5, -1/44 HPs)
             Began as a Demonspawn Wanderer on May 17, 2017.
             Slain by a black bear (5 damage)
             ... on level 4 of the Dungeon.
             The game lasted 00:04:22 (2100 turns).

mopl the Skirmisher (Demonspawn Wanderer)           Turns: 2100, Time: 00:04:23

Health: -1/44      AC:  5    Str: 12    XL:     5   Next: 45%
Magic:  5/5        EV: 10    Int: 10    God:
Gold:   104        SH:  0    Dex: 17    Spells: 4/4 levels left

rFire    . . .     SeeInvis .   a - +2 shortbow
rCold    . . .     Gourm    .   (shield currently unavailable)
rNeg     . . .     Faith    .   g - +0 ring mail
rPois    .         Spirit   .   (helmet restricted)
rElec    .         Reflect  .   (no cloak)
rCorr    .         Harm     .   (no gloves)
MR       .....                  (no boots)
Stlth    +.........             (no amulet)
Regen    0.2/turn               (no ring)
MPRegen  0.1/turn               (no ring)

@: no status effects
A: antennae 1, hooves 1, powered by death 1
a: no special abilities


You were on level 4 of the Dungeon.
You were hungry.

You visited 1 branch of the dungeon, and saw 4 of its levels.

You collected 104 gold pieces.

Inventory:

Hand Weapons
 a - a +2 shortbow (weapon)
 b - a +0 hand axe
Missiles
 h - 31 bolts
 t - 28 arrows (quivered)
Armour
 g - a +0 ring mail (worn)
 r - a +0 chain mail
Magical Staves
 p - an uncursed staff of energy {!a}
Wands
 s - a wand of digging (14/24)
Scrolls
 i - 2 scrolls of identify {unknown}
 l - a scroll of immolation {unknown}
 m - a scroll of blinking {unknown}
 n - a scroll of remove curse {unknown}
Potions
 c - 2 potions of curing
 d - a potion of lignification {!q}
 e - a potion of haste {unknown}
 k - a potion of agility {unknown}
 q - a potion of invisibility {unknown}
 u - a potion of mutation {unknown}
Comestibles
 f - a bread ration
 j - 2 meat rations
 o - 2 royal jellies


   Skills:
 + Level 5.1 Fighting
 * Level 1.6 Axes
 - Level 3.0 Bows
   Level 1.7 Crossbows
 - Level 1.0 Throwing
 - Level 1.0 Armour
   Level 1.0 Shields


You had 4 spell levels left.
You didn't know any spells.

Dungeon Overview and Level Annotations

Branches:
Dungeon (4/15)
 Temple: D:4-7

Altars:
Fedhas
Nemelex Xobeh
Wu Jian
Xom

Annotations:
D:2 exclusion: oklob plant
D:3 PeterMcNeter's ghost, amateur OgMo


Innate Abilities, Weirdness & Mutations

You have a pair of small antennae on your head.
You have large cloven feet.
You regenerate a little health from kills.


Message History

The black bear claws you.
* * * LOW HITPOINT WARNING * * *
The black bear barely misses you.
Firing (i - inventory):
t - 30 arrows (quivered)
Press: ? - help, Shift-Dir - straight line, f/p - black bear
Aim: a black bear (almost dead, berserk, fast, unusually strong)
You shoot an arrow.
The arrow hits the black bear but does no damage.
The black bear is almost dead.
The black bear completely misses you. The black bear claws you.
* * * LOW HITPOINT WARNING * * *
The black bear claws you.
* * * LOW HITPOINT WARNING * * *
Firing (i - inventory):
t - 29 arrows (quivered)
Press: ? - help, Shift-Dir - straight line, f/p - black bear
Aim: a black bear (almost dead, berserk, fast, unusually strong)
You shoot an arrow.
The arrow closely misses the black bear.
The black bear bites you.
You die...

#..# ##.#
#.# #.##
#..# ##.##
##.###
##..####
##@h((#
###..((...
#####.(


You could see a black bear (berserk).

Vanquished Creatures
  A bullfrog skeleton (D:4)
  An orc wizard (D:4)
  A worker ant (D:4)
  5 adders
  2 oozes
  4 worms (D:2)
  2 dart slugs
  A leopard gecko (D:2)
  3 orcs (D:4)
  3 bats
  5 giant cockroaches
  5 goblins
  6 hobgoblins
  6 kobolds
  A frilled lizard (D:2)
  A jackal skeleton (D:4)
  3 rats
50 creatures vanquished.

Vanquished Creatures (others)
  11 toadstools (D:2)
11 creatures vanquished.

Grand Total: 61 creatures vanquished

Notes
Turn   | Place    | Note
-------+----------+-------------------------------------------
     0 | D:1      | mopl the Demonspawn Wanderer began the quest for the Orb.
     0 | D:1      | mopl set off with: a +2 shortbow, 30 arrows, a potion of curing, a potion of lignification {!q}, a +0 robe, a bread ration
     0 | D:1      | Reached XP level 1. HP: 18/18 MP: 1/1
   157 | D:1      | Gained mutation: You have a pair of small antennae on your head. [demonic ancestry]
   157 | D:1      | Reached XP level 2. HP: 25/25 MP: 2/2
   560 | D:1      | Reached skill level 4 in Fighting
   703 | D:2      | Reached skill level 2 in Bows
   703 | D:2      | Gained mutation: You regenerate a little health from kills. [demonic ancestry]
   703 | D:2      | Reached XP level 3. HP: 28/30 MP: 3/3
   901 | D:2      | Reached XP level 4. HP: 29/38 MP: 4/4
  1188 | D:2      | Found a shimmering altar of Xom.
  1218 | D:2      | Found a blossoming altar of Fedhas.
  1239 | D:2      | Noticed an oklob plant
  1492 | D:3      | Noticed PeterMcNeter's ghost (amateur OgMo)
  1505 | D:4      | Reached skill level 5 in Fighting
  1520 | D:4      | Found an ornate altar of the Wu Jian Council.
  1536 | D:4      | Reached skill level 1 in Axes
  1536 | D:4      | Gained mutation: You have large cloven feet. [demonic ancestry]
  1536 | D:4      | Reached XP level 5. HP: 34/44 MP: 5/5
  1642 | D:4      | Reached skill level 3 in Bows
  1661 | D:4      | HP: 2/44 [orc wizard/puff of flame (11)]
  1971 | D:4      | Found a sparkling altar of Nemelex Xobeh.
  2087 | D:4      | Noticed a black bear
  2100 | D:4      | Slain by a black bear

Vault maps used:
D:1:      saegor_arrival_simple_a, minmay_misc_feat_four_crosses
D:2:      xom_butterflies, tgw_fedhas, eino_tiny_chamber, st_stairs_12
D:3:      lemuel_round_altar, vehumet_crystals
D:4:      black_bear_nest_1, nicolae_overflow_hidden_temple,
          lemuel_doored_altar, serial_shops, shop, first_bread,
          serial_bayou_pond_d

Skill      XL: |  1  2  3  4  5 |
---------------+----------------+-----
Fighting       | 4 5 |  5.1
Bows           | 2 3 |  3.0
Axes           | 1 |  1.6
Crossbows      | |  1.7
Throwing       | |  1.0
Armour         | |  1.0
Shields        | |  1.0

Action                   |  1- 3 |  4- 6 || total
-------------------------+-------+-------++-------
Melee: Hand axe          |       |     9 ||     9
       Kick              |       |     4 ||     4
 Fire: Shortbow          |    90 |    86 ||   176
  Eat: Chunk             |       |     3 ||     3
Armor: Ring mail         |     4 |    19 ||    23
Dodge: Dodged            |    12 |    35 ||    47
